 Dungeon Crawl Stone Soup version 0.30-a0-634-g8abc85282e (webtiles) character file.

Game seed: 7187466035430065416

169481 wormed the Alchemist (level 17, -3/117 HPs)
             Began as an Octopode Transmuter on Jan 15, 2023.
             Was an Initiate of Gozag.
             Killed from afar by a salamander tyrant (35 damage)
             ... on level 4 of the Snake Pit.
             The game lasted 00:43:21 (31473 turns).

wormed the Alchemist (Octopode Transmuter)         Turns: 31473, Time: 00:43:22

Health: -3/117     AC:  5    Str: 21    XL:     17   Next: 97%
Magic:  25/33      EV: 24    Int: 29    God:    Gozag
Gold:   4058       SH:  0    Dex: 15    Spells: 26/40 levels left

rFire   + . .      SeeInvis +    O - staff of air
rCold   + . .      Faith    .    (no shield)
rNeg    . . .      Spirit   .    (helmet restricted)
rPois   +          Reflect  .    u - amulet of regeneration
rElec   +          Harm     .    g - ring of see invisible
rCorr   +          Rampage  .    L - ring "Xeifesos" {+Blink rF+ Will+ Int+8 Dex-2}
Will    ++...                    v - ring of protection from cold
Stlth   ++                       p - +4 ring of protection
HPRegen 1.19/turn                z - +5 ring of evasion
MPRegen 0.23/turn                T - +6 ring of strength
                                 H - +6 ring of strength
                                 P - ring "Japlery" {Fly rCorr}

@: weakened, gold aura, blinkbolt cooldown, flying, hasted (expiring), very
quick
A: almost no armour, amphibious, 8 rings, camouflage 1, gelatinous body 1,
(nimble swimmer 1), tentacles, agile 1, poison resistance
a: Renounce Religion, Evoke Blink, Potion Petition, Call Merchant, Bribe Branch


You were on level 4 of the Snake Pit.
You worshipped Gozag.
Gozag was most pleased with you.
You visited 5 branches of the dungeon, and saw 27 of its levels.
You also visited: Gauntlet.

You collected 10427 gold pieces.
You spent 2656 gold pieces at shops.
You paid 3713 gold pieces to Gozag.

Inventory:

Missiles
 J - 5 throwing nets
Magical Staves
 O - a staff of air (weapon)
Jewellery
 g - a ring of see invisible (left tentacle)
 p - a +4 ring of protection (on tentacle)
 u - an amulet of regeneration (around mantle)
 v - a ring of protection from cold (on tentacle)
 z - a +5 ring of evasion (on tentacle)
 H - a +6 ring of strength (on tentacle)
 L - the ring "Xeifesos" (right tentacle) {+Blink rF+ Will+ Int+8 Dex-2}
   (You bought it in a shop on level 12 of the Dungeon)

   [ring of willpower]

   Int:       It affects your intelligence (+8).
   Dex:       It affects your dexterity (-2).
   rF:        It protects you from fire.
   +Blink:    It lets you blink.
   Will:      It increases your willpower.
 P - the ring "Japlery" (on tentacle) {Fly rCorr}
   (You took it off a minotaur in a Gauntlet)

   [ring of flight]

   Fly:       It grants you flight.
   rCorr:     It protects you from acid and corrosion.
 T - a +6 ring of strength (on tentacle)
Wands
 h - a wand of paralysis (13)
 n - a wand of iceblast (6)
 q - a wand of polymorph (7)
 r - a wand of mindburst (20) (quivered)
 x - a wand of flame (21)
Scrolls
 a - 6 scrolls of enchant armour
 e - 5 scrolls of immolation
 k - 4 scrolls of fog
 m - 3 scrolls of enchant weapon
 o - 15 scrolls of teleportation
 t - 5 scrolls of poison
 y - 3 scrolls of torment
 A - 6 scrolls of vulnerability
 G - 15 scrolls of identify
 I - 2 scrolls of magic mapping
 K - a scroll of amnesia
Potions
 b - 8 potions of curing
 c - 2 potions of berserk rage
 f - 3 potions of cancellation
 i - 5 potions of attraction
 j - 3 potions of mutation
 l - 9 potions of lignification
 s - 4 potions of magic
 w - 3 potions of brilliance
 B - 3 potions of haste
 C - a potion of invisibility
 D - 5 potions of flight
 F - 4 potions of ambrosia
 M - 3 potions of might


   Skills:
 + Level 10.9 Fighting
 + Level 11.1 Dodging
 + Level 11.3 Unarmed Combat
 - Level 12.0 Spellcasting
 + Level 5.6 Translocations
 - Level 16.0 Transmutations
 - Level 4.0 Ice Magic
 - Level 16.0 Air Magic


You had 26 spell levels left.
You knew the following spells:

 Your Spells              Type           Power      Damage    Failure   Level
a - Storm Form            Tmut/Air       52%        N/A       3%          7
b - Wereblood             Tmut           83%        N/A       0%          2
c - Vhi's Electric Charg  Tloc/Air       100%       N/A       1%          3
d - Blink                 Tloc           98%        N/A       1%          2

Your spell library contained the following spells:

 Spells                   Type           Power      Damage    Failure   Level
 Beastly Appendage        Tmut           100%       N/A       0%          1
 Swiftness                Air            100%       N/A       0%          3
 Apportation              Tloc           98%        N/A       1%          1
 Freeze                   Ice            100%       1d10      1%          1
 Shock                    Conj/Air       100%       1d9       1%          1
 Cigotuvi's Dreadful Rot  Necr/Pois/Air  100%       N/A       1%          2
 Static Discharge         Conj/Air       100%       2-7/arc   1%          2
 Frozen Ramparts          Ice            80%        1d13      1%          3
 Ignite Poison            Fire/Tmut/Pois 48%        N/A       1%          3
 Kindle Blastsparks       Fire/Tloc/Air  100%       2d18      1%          3
 Spider Form              Tmut/Pois      59%        N/A       1%          3
 Airstrike                Air            52%        2d(8-24)  1%          4
 Ice Form                 Ice/Tmut       66%        N/A       1%          4
 Petrify                  Tmut/Erth      59%        N/A       1%          4
 Summon Lightning Spire   Summ/Air       77%        N/A       1%          4
 Necrotise                Necr           68%        1d7       3%          1
 Summon Small Mammal      Summ           68%        N/A       3%          1
 Manifold Assault         Tloc           49%        N/A       3%          4
 Lightning Bolt           Conj/Air       38%        1d57      3%          5
 Dragon Form              Tmut           41%        N/A       3%          7
 Hailstorm                Conj/Ice       29%        3d8       4%          3
 Freezing Cloud           Conj/Ice/Air   35%        6-21      5%          5
 Summon Ice Beast         Ice/Summ       29%        N/A       13%         4
 Statue Form              Tmut/Erth      39%        N/A       17%         6
 Cause Fear               Hex            8%         N/A       30%         4
 Metabolic Englaciation   Hex/Ice        14%        N/A       36%         5
 Dispersal                Tloc           24%        N/A       43%         6
 Disjunction              Tloc           24%        N/A       100%        8
 Dragon's Call            Summ           8%         N/A       100%        9


Dungeon Overview and Level Annotations

Branches:
Dungeon (15/15)            Temple (1/1) D:5            Lair (5/5) D:8
  Swamp (0/4) Lair:3        Snake (4/4) Lair:2        Slime (0/5) Lair:5
    Orc (2/2) D:9             Elf (0/3) Orc:2        Vaults (0/5) D:14
 Depths (0/4) D:15        Gauntlet (visited)

Altars:
Ashenzari
Cheibriados
Dithmenos
Elyvilon
Gozag
Kikubaaqudgha
Makhleb
Nemelex Xobeh
Okawaru
Qazlal
Ru
Sif Muna
Trog
Uskayaw
Vehumet
Wu Jian
Xom
Zin
The Shining One
Jiyva

Shops:
D:5 =   D:12 [=   D:15 [   Orc:1 [   Orc:2 ?=*[   Lair:4 :   Lair:5 :


Innate Abilities, Weirdness & Mutations

You cannot wear most types of armour.
You are amphibious.
You can wear up to eight rings at the same time.
Your skin changes colour to match your surroundings (Stealth+).
Your rubbery body absorbs attacks. (AC +1, EV +1)
((You are camouflaged when in or above water. (Stealth+)))
You have tentacles for arms and can constrict up to eight enemies at once.
You are agile. (Dex +4, Str/Int -1)
Your system is resistant to poisons. (rPois)


Message History

The quicksilver dragon breathes dispelling energy at you.
The bolt of dispelling energy hits you!
Your magical effects are unravelling.
* * * LOW HITPOINT WARNING * * *
The naga sharpshooter gestures wildly while chanting.
The naga sharpshooter magically shoots an arrow.
The arrow completely misses you.
The naga sharpshooter is distracted by your dazzling golden aura.
The naga sharpshooter shouts!
The naga shouts!
You feel much better.
Your transformation has ended.
Your staff of air unmelds from your body.
The quicksilver dragon is no longer distracted by gold.
The naga sharpshooter mumbles some strange words.
The naga sharpshooter magically shoots an arrow.
The arrow hits you!
* * * LOW HITPOINT WARNING * * *
Blink to where?
Press: ? - help, Dir - move target, p - salamander tyrant
As you read the scroll of blinking, it crumbles to dust.
The salamander tyrant rends the earth beneath you!
The blast of magma engulfs you!! You partially resist.
* * * LOW HITPOINT WARNING * * *
The quicksilver dragon breathes dispelling energy at you.
The bolt of dispelling energy misses you.
You see here a +0 glaive.
You feel much better.
The salamander tyrant gazes fiercely through you!
You feel your attacks grow feeble.
You feel much better.
You feel yourself speed up.
The quicksilver dragon breathes dispelling energy at you.
The bolt of dispelling energy hits you!!
Your magical effects are unravelling.
* * * LOW HITPOINT WARNING * * *
The quicksilver dragon is distracted by your dazzling golden aura.
The salamander tyrant rends the earth beneath you!
The blast of magma engulfs you!! You partially resist.
You die...
Your body crumbles into a pile of gold.

##.. ..##.8.## #..
..#.....#$ #..
##.+..⌠.8#
##.#####..#...$.#
##...#..#..##$$.#
#.......DN.D##'##
#.[≈≈D..##...D$.#
##...######.....N'#
######@8##
########N.#
###8##.....###..#
#N8
#.......)...#)...
.N
#..))...⌠...'..8.
..
#...).......#.... .
#.#8##.....###..# 8
#.######.8## ## #.#
##)))#### #.#
#...)...#


You could see 2 quicksilver dragons and a salamander tyrant.

Vanquished Creatures
  Jorgrun (D:12)
  6 nagarajas
  Kirke (Lair:5)
  Roxanne (D:15)
  The ghost of olddryhag the Severer, an adept DsGl of Okawaru (Snake:1)
  An orc warlord (Orc:1)
  A minotaur (Gauntlet)
  3 dire elephants (Lair:5)
  2 fire dragons (D:15)
  Harold (Orc:1)
  A vault guard (D:14)
  5 hydras
  2 salamander tyrants (Snake:4)
  2 centaur warriors
  A ghost crab (Lair:3)
  A catoblepas (Lair:5)
  An ogre mage (D:11)
  12 anacondas
  Erica (Orc:1)
  A dancing weapon (Snake:1)
  4 tengu warriors
  A death knight (D:14)
  7 boulder beetles
  6 two-headed ogres
  6 death yaks (Lair:5)
  7 naga sharpshooters
  3 orc high priests (Orc:2)
  Urug (Lair:4)
  24 naga warriors
  10 shock serpents
  A fire crab (Lair:5)
  2 salamander mystics (Snake:3)
  The ghost of OTABOTABOTAB the Destroyer, a novice DECj of Sif Muna (D:10)
  A spectral catoblepas (Lair:3)
  A spectral anaconda (Lair:5)
  5 skeletal warriors (D:13)
  4 naga ritualists
  A wizard (D:13)
  A spectral hydra (Lair:3)
  Pikel (D:5)
  A phantasmal warrior (D:14)
  An obsidian statue (Lair:5)
  4 necromancers (Lair:5)
  6 orc sorcerers
  4 oklob plants (Lair:1)
  9 mana vipers
  11 salamanders
  2 deep elf pyromancers
  6 cyclopes
  7 manticores
  9 ugly things
  10 guardian serpents
  16 elephants
  17 naga magi
  A moth of wrath (Gauntlet)
  40 black mambas
  2 gargoyles
  A torpor snail (Lair:4)
  2 dire elephant skeletons (Lair:5)
  6 cane toads
  An unseen horror (D:10)
  2 efreet
  An unseen horror (shapeshifter) (D:10)
  3 komodo dragons
  2 freezing wraiths (D:14)
  A tengu conjurer (D:14)
  6 trolls
  4 polar bears
  3 meliai (D:14)
  13 blink frogs (Lair:5)
  A hornet (D:9)
  A spectral dream sheep (Lair:3)
  A raiju (Gauntlet)
  4 spectral elephants (Lair:5)
  A wyvern (Lair:3)
  A spriggan (D:14)
  3 wraiths
  55 yaks
  7 hogs
  A human (D:8)
  A basilisk (shapeshifter) (D:15)
  2 basilisks
  A fire elemental (Gauntlet)
  A death yak simulacrum (Lair:5)
  8 wargs
  A spectral cane toad (Lair:5)
  Menkaure (D:6)
  2 steam dragons (Gauntlet)
  38 nagas
  3 vampire mosquitoes (D:14)
  2 hell hounds (Gauntlet)
  13 water moccasins
  A black bear (D:4)
  2 ice beasts
  28 orc warriors
  4 ogres
  12 wolves
  14 centaurs
  An elephant skeleton (Lair:5)
  4 phantoms
  A spectral basilisk (Lair:3)
  3 kobold brigands
  A gnoll sergeant (D:12)
  4 scorpions
  7 bullfrogs
  A necrophage (D:8)
  5 wights (D:9)
  An elephant simulacrum (Lair:5)
  15 killer bees
  3 howler monkeys
  An electric eel (D:9)
  6 hounds
  2 jellies (D:6)
  24 orc priests
  2 iguanas
  38 orc wizards
  A boggart simulacrum (D:11)
  9 adders
  5 gnolls (D:12)
  A shadow imp (D:8)
  2 white imps
  An ufetubus (D:5)
  3 worms (D:2)
  2 dart slugs
  62 orcs
  5 endoplasms
  3 giant cockroaches
  9 hobgoblins
  11 jackals
  3 quokkas
  6 ball pythons
  3 bats
  4 frilled lizards
  11 goblins
  25 kobolds
  A rat (D:1)
818 creatures vanquished.

Vanquished Creatures (others)
  A yak (D:9)
  2 humans (Lair:5)
  An orc (Orc:1)
  29 fungi
  50 plants
  29 withered plants (Lair:5)
112 creatures vanquished.

Grand Total: 930 creatures vanquished

Notes
Turn   | Place    | Note
-------+----------+-------------------------------------------
     0 | D:1      | wormed the Octopode Transmuter began the quest for the Orb.
     0 | D:1      | Reached XP level 1. HP: 13/13 MP: 3/3
    80 | D:1      | Reached XP level 2. HP: 18/18 MP: 5/5
   209 | D:1      | Learned a level 2 spell: Wereblood
   529 | D:1      | Reached XP level 3. HP: 23/23 MP: 2/6
  1360 | D:2      | Reached skill level 1 in Ice Magic
  1430 | D:2      | Reached XP level 4. HP: 7/29 MP: 4/7
  2052 | D:3      | Found a white marble altar of Elyvilon.
  2907 | D:3      | Found a hide-covered altar of Uskayaw.
  2922 | D:3      | Learned a level 4 spell: Ice Form
  2960 | D:4      | Noticed a phantom
  2987 | D:3      | Killed a phantom
  2988 | D:3      | Reached XP level 5. HP: 24/34 MP: 3/8
  3101 | D:4      | Noticed a black bear
  3112 | D:4      | Killed a black bear
  3113 | D:4      | Reached XP level 6. HP: 21/41 MP: 1/10
  3718 | D:4      | Reached XP level 7. HP: 45/45 MP: 8/11
  4107 | D:5      | Entered Level 5 of the Dungeon
  4652 | D:5      | Noticed Pikel
  4664 | D:5      | Killed Pikel
  4665 | D:5      | Reached skill level 5 in Transmutations
  4665 | D:5      | Reached XP level 8. HP: 34/52 MP: 8/13
  5243 | D:5      | Found Orar's Jewellery Shop.
  5395 | D:5      | Found a staircase to the Ecumenical Temple.
  5492 | Temple   | Entered the Ecumenical Temple
  5544 | Temple   | Became a worshipper of Gozag Ym Sagoz the Greedy
  5866 | D:6      | Noticed Menkaure
  5891 | D:6      | Killed Menkaure
  5892 | D:6      | Reached skill level 5 in Unarmed Combat
  6023 | D:6      | Reached XP level 9. HP: 58/58 MP: 9/15
  6352 | D:6      | Found a large runed translucent door.
  6353 | D:6      | Found a large runed translucent door.
  6682 | D:6      | Found a shimmering blue altar of Sif Muna.
  6685 | D:6      | Found a shimmering altar of Xom.
  6861 | D:7      | You fall into a shaft and drop 3 floors!
  6861 | D:10     | Entered Level 10 of the Dungeon
  7115 | D:7      | Reached skill level 5 in Dodging
  8063 | D:8      | Reached skill level 5 in Fighting
  8070 | D:8      | Reached skill level 5 in Spellcasting
  8084 | D:8      | Reached XP level 10. HP: 55/66 MP: 14/17
  8443 | D:8      | Found a staircase to the Lair.
  8668 | D:8      | Found an ancient bone altar of Kikubaaqudgha.
  9113 | D:5      | Bought an amulet of regeneration for 420 gold pieces
  9222 | D:9      | Found a staircase to the Orcish Mines.
  9222 | D:9      | Noticed a two-headed ogre
  9283 | Lair:1   | Entered Level 1 of the Lair of Beasts
  9734 | Lair:1   | Reached XP level 11. HP: 64/74 MP: 16/20
 10235 | Lair:1   | Noticed an oklob plant
 10376 | Lair:2   | Noticed a boulder beetle
 10455 | Lair:2   | Noticed a seven-headed hydra
 10475 | Lair:2   | Killed a seven-headed hydra
 10476 | Lair:2   | Reached skill level 10 in Transmutations
 10740 | Lair:2   | Killed a boulder beetle
 11027 | Lair:2   | Found a staircase to the Snake Pit.
 11212 | D:5      | Bought a +4 ring of protection for 504 gold pieces
 11212 | D:5      | Bought a +5 ring of evasion for 504 gold pieces
 11626 | Lair:3   | Reached XP level 12. HP: 74/82 MP: 22/22
 11854 | Lair:3   | Learned a level 7 spell: Dragon Form
 12275 | Lair:3   | Found a staircase to the Swamp.
 12275 | Lair:3   | Noticed a ghost crab
 12281 | Lair:3   | Killed a ghost crab
 13318 | Lair:4   | Noticed Urug
 13325 | Lair:4   | Killed Urug
 13605 | Lair:5   | Entered Level 5 of the Lair of Beasts
 13605 | Lair:5   | Noticed Kirke
 13701 | Lair:5   | Reached XP level 13. HP: 90/90 MP: 11/25
 14164 | Lair:5   | Learned a level 7 spell: Storm Form
 14175 | Lair:5   | Reached skill level 1 in Air Magic
 14180 | Lair:5   | Killed Kirke
 14446 | Lair:5   | Reached skill level 5 in Air Magic
 14487 | Lair:5   | Found a viscous altar of Jiyva.
 14488 | Lair:5   | Found a staircase to the Slime Pits.
 14935 | Lair:5   | Noticed a dire elephant
 14935 | Lair:5   | Noticed a dire elephant
 14935 | Lair:5   | Noticed a dire elephant
 15165 | Lair:5   | Killed a dire elephant
 15172 | Lair:5   | Killed a dire elephant
 15177 | Lair:5   | Killed a dire elephant
 15178 | Lair:5   | Reached XP level 14. HP: 81/97 MP: 18/26
 15245 | Lair:5   | Identified the +3 quarterstaff "Ymelyr" {heavy, rPois rF++
                  | rCorr Str-5}
 15461 | Lair:5   | Found the +8 lance "Wyrmbane" {slay drac, rPois rF+ rC+
                  | AC+3}
 16120 | D:9      | Reached skill level 10 in Air Magic
 16806 | D:9      | Found a stormy altar of Qazlal.
 17204 | D:10     | Found a runed translucent gate.
 17204 | D:10     | Found a runed translucent gate.
 17204 | D:10     | Found a runed translucent gate.
 17211 | D:10     | Noticed OTABOTABOTAB's ghost (novice DECj)
 19023 | D:11     | Gained mutation: Your spells are a little easier to cast,
                  | but a little less powerful. [mutagenic glow]
 19616 | Orc:1    | Entered Level 1 of the Orcish Mines
 19657 | Orc:1    | Found Ricrueru's Armour Boutique.
 19689 | Orc:1    | Paralysed by an orc sorcerer for 5 turns
 20010 | Orc:1    | Lost mutation: Your spells are a little easier to cast, but
                  | a little less powerful. [potion of mutation]
 20010 | Orc:1    | Gained mutation: You are agile. (Dex +4, Str/Int -1)
                  | [potion of mutation]
 20010 | Orc:1    | Gained mutation: Your system is resistant to poisons.
                  | (rPois) [potion of mutation]
 20025 | Orc:2    | Entered Level 2 of the Orcish Mines
 20176 | Orc:2    | Found a staircase to the Elven Halls.
 20327 | Orc:2    | Found Ijetsila's Assorted Antiques.
 20329 | Orc:2    | Found Orummomo's Armour Boutique.
 20331 | Orc:2    | Found Wisoshot's Jewellery Shop.
 20336 | Orc:2    | Found Cytsues's Magic Scroll Shop.
 20342 | Orc:2    | Bought a scroll of amnesia for 56 gold pieces
 20469 | Orc:2    | Reached XP level 15. HP: 91/101 MP: 19/27
 20916 | Orc:1    | Noticed an orc warlord
 20922 | Orc:1    | Noticed Erica
 20923 | Orc:1    | Noticed Harold
 20929 | Orc:1    | Killed an orc warlord
 20937 | Orc:1    | Killed Erica
 20940 | Orc:1    | Killed Harold
 21254 | D:12     | Noticed Jorgrun
 21263 | D:12     | Killed Jorgrun
 21383 | D:12     | Found a gate leading to a gauntlet.
 21398 | Gauntlet | Entered a Gauntlet
 21398 | Gauntlet | Found a transporter.
 21398 | Gauntlet | Found a runed translucent door.
 21398 | Gauntlet | Found a runed translucent door.
 21405 | Gauntlet | Found the brooch of Shielding {Spirit SH+8}
 21406 | Gauntlet | Found a transporter.
 21408 | Gauntlet | Found a transporter.
 21422 | Gauntlet | Found a transporter.
 21444 | Gauntlet | Found a transporter.
 21451 | Gauntlet | Found a transporter.
 21463 | Gauntlet | Found a transporter.
 21474 | Gauntlet | Found a transporter.
 21493 | Gauntlet | Found a transporter.
 21496 | Gauntlet | Found a runed translucent door.
 21507 | Gauntlet | Found a transporter.
 21508 | Gauntlet | Found a transporter.
 21573 | Gauntlet | Found a transporter.
 21576 | Gauntlet | Found a transporter.
 21613 | Gauntlet | Found a transporter.
 21836 | Gauntlet | Got the Anthology of Destiny
 21843 | Gauntlet | Learned a level 3 spell: Vhi's Electric Charge
 21983 | Gauntlet | Identified the ring "Japlery" {Fly rCorr}
 22452 | D:12     | Bought the ring "Xeifesos" {+Blink rF+ Will+ Int+8 Dex-2}
                  | for 1172 gold pieces
 23187 | D:13     | Found a broken altar of Ashenzari.
 24455 | D:14     | Found a gate to the Vaults.
 25038 | D:14     | Reached skill level 10 in Spellcasting
 25205 | D:14     | Reached skill level 15 in Transmutations
 25385 | D:15     | Entered Level 15 of the Dungeon
 25428 | D:15     | Noticed Roxanne
 25440 | D:15     | Killed Roxanne
 25502 | D:15     | Reached XP level 16. HP: 108/108 MP: 20/30
 26470 | D:15     | Found a staircase to the Depths.
 26569 | D:15     | Identified a scroll of acquirement
 26569 | D:15     | Acquired 619 gold pieces
 26831 | Snake:1  | Entered Level 1 of the Snake Pit
 26889 | Snake:1  | Reached skill level 15 in Air Magic
 27052 | Snake:1  | Found a runed translucent door.
 27052 | Snake:1  | Found a shimmering altar of Xom.
 27052 | Snake:1  | Noticed olddryhag's ghost (adept DsGl)
 27247 | Snake:1  | Identified the +8 flail of Eloah {vamp, *Corrode rN+++
                  | Dex+6}
 27718 | Snake:1  | Killed olddryhag's ghost
 27956 | D:10     | Killed OTABOTABOTAB's ghost
 30065 | Snake:3  | Reached XP level 17. HP: 113/113 MP: 33/33
 30079 | Snake:3  | Learned a level 2 spell: Blink
 30189 | Snake:3  | Reached skill level 1 in Translocations
 30260 | Snake:3  | Reached skill level 10 in Unarmed Combat
 30495 | Snake:3  | Reached skill level 10 in Dodging
 30500 | Snake:3  | Reached skill level 10 in Fighting
 30898 | Snake:4  | Entered Level 4 of the Snake Pit
 31323 | Snake:4  | Reached skill level 5 in Translocations
 31445 | Snake:4  | Noticed a quicksilver dragon
 31446 | Snake:4  | Noticed a quicksilver dragon
 31473 | Snake:4  | Killed from afar by a salamander tyrant

Illustrated notes

Levels and vault maps discovered:
D:1:      dpeg_arrival_tiny_a, layout_loops_ring, hex_medium,
          minmay_pentomino_r4
D:2:      layout_loops_ring, grunt_ministairs_2, kennysheep_generic_room_6
D:3:      layout_basic, mainiacjoe_overflow_alcove_2,
          mainiacjoe_overflow_tiny_flanked, grunt_ministairs_6
D:4:      layout_basic
D:5:      layout_loops_corners, lemuel_temple_firewalk_a, serial_shops, shop,
          uniq_pikel
D:6:      nicolae_cairo_tiling_large_dashed, layout_basic,
          jmf_multi_god_temple2, uniq_menkaure
D:7:      layout_basic, serial_park_tiny_1, minmay_door_square
D:8:      layout_loops_ring, nicolae_kikubaaqudgha_miasma_corner,
          erik_lair_orcish_takeover, grunt_livestock, minmay_misc_feat_rows
D:9:      layout_basic, nicolae_overflow_hidden_temple,
          minmay_mirror_moons_of_madness
D:10:     layout_stronghold, gammafunk_ghost_split
D:11:     layout_gridville, minmay_bent
D:12:     layout_big_octagon, gauntlet_entry_generic, uniq_jorgrun
D:13:     layout_stronghold, portal_ice_cave_entry_pillars_2,
          ashenzari_conservatory_becter
D:14:     layout_grid_maze, david_vaults_5, the_hattery
D:15:     grunt_enter_depths_hoard, layout_loops_corners, serial_bayou_pond_e,
          dreamdust_mushroom_princess, uniq_roxanne
Temple:   kb_temple_of_zot
Lair:1:   minmay_lair_oklob_tunnel, layout_loops_ring
Lair:2:   layout_hall_layers, minmay_snake_entry_guardpost_medium
Lair:3:   layout_gridlike, nicolae_swamp_entry_spooky
Lair:4:   layout_loops_ring, serial_bayou_shore_a, uniq_urug
Lair:5:   due_jungle_book, layout_concentric_octagons, slime_entry_1, uniq_kirke
Snake:1:  layout_rooms, ebering_ghost_xom
Snake:2:  layout_basic, grunt_megastairs_3
Snake:3:  nicolae_cobra_stairs, layout_basic, drop_trap,
          hangedman_corner_corridor, lemuel_fruit_tree
Snake:4:  hellmonk_snake_rune_quicksilver_temple, layout_onion_interference,
          nicolae_snake_salamander_jacuzzi, grunt_megastairs_4
Orc:1:    layout_caves, serial_shops, shop, guppyfry_library_mini, uniq_erica,
          uniq_harold
Orc:2:    st_orc_mages, layout_caves

Skill      XL: |  1  2  3  4  5  6  7  8  9 10 11 12 13 14 15 16 17 |
---------------+----------------------------------------------------+-----
Ice Magic      | 1 2 3 4 |  4.0
Fighting       | 2 3 4 5 6 7 8 9 10 | 10.9
Transmutations | 3 4 5 6 7 9 11 12 13 15 16 | 16.0
Dodging        | 3 4 5 6 7 8 9 11 | 11.1
Unarmed Combat | 4 5 6 7 8 9 11 | 11.3
Spellcasting   | 3 4 5 6 7 8 10 12 | 12.0
Air Magic      | 8 13 14 16 | 16.0
Translocations | 5 |  5.6

Action                   |  1- 3 |  4- 6 |  7- 9 | 10-12 | 13-15 | 16-18 || total
-------------------------+-------+-------+-------+-------+-------+-------++-------
Melee: Unarmed           |    79 |    97 |   195 |   457 |   716 |   429 ||  1973
       Tentacles         |    17 |     9 |     4 |     4 |     9 |     3 ||    46
       Constrict         |    22 |    16 |     7 |     1 |     7 |       ||    53
       Kick              |    22 |    15 |     1 |       |       |       ||    38
       Punch             |     2 |     4 |       |     5 |    59 |    40 ||   110
       Bite              |       |       |       |    12 |    29 |       ||    41
       Tailslap          |       |       |       |     8 |    33 |       ||    41
       Staff             |       |       |       |       |     2 |    11 ||    13
 Cast: Beastly Appendage |    20 |    14 |     2 |       |       |       ||    36
       Wereblood         |    13 |    15 |    11 |    34 |    35 |    47 ||   155
       Ice Form          |       |     5 |    20 |    33 |       |       ||    58
       Dragon Form       |       |       |       |     8 |    21 |       ||    29
       Storm Form        |       |       |       |       |    57 |    47 ||   104
       Vhi's Electric Ch |       |       |       |       |     1 |     1 ||     2
Invok: Call Merchant     |       |       |       |     1 |     3 |     1 ||     5
 Abil: Blinkbolt         |       |       |       |       |     5 |     3 ||     8
Evoke: Wand              |       |       |       |    11 |       |       ||    11
  Use: Scroll            |     3 |     7 |     6 |    11 |     8 |     2 ||    37
       Potion            |       |     1 |     2 |     3 |     2 |     4 ||    12
 Stab: Sleeping          |     3 |     2 |       |       |       |       ||     5
       Distracted        |       |       |       |     1 |     5 |     3 ||     9
Armor: Skin              |     6 |    19 |    55 |   134 |   173 |    99 ||   486
Dodge: Dodged            |    50 |    41 |    91 |   266 |   637 |   474 ||  1559

Table legend: (Time is in decaauts)
 A = Elapsed time spent in this place.
 B = Non-inter-level travel time spent in this place.
 C = Inter-level travel time spent in this place.
 D = Time resting spent in this place.
 E = Time spent auto-exploring this place.
 F = Levels seen in this place.
 G = Mean time per level.
                   A        B        C        D        E       F      G
               +--------+--------+--------+--------+--------+-----+--------+
         Total |  31200 |  28977 |   2223 |    134 |  23907 |  28 | 1114.3 |
       Dungeon |  17740 |  16384 |   1356 |    134 |  14036 |  15 | 1182.7 |
        Temple |     81 |     53 |     28 |      0 |     39 |   1 |   81.0 |
          Lair |   6994 |   6354 |    640 |      0 |   4948 |   5 | 1398.8 |
     Snake Pit |   4265 |   4130 |    135 |      0 |   3347 |   4 | 1066.2 |
  Orcish Mines |   1461 |   1399 |     62 |      0 |   1107 |   2 |  730.5 |
      Gauntlet |    656 |    656 |      0 |      0 |    430 |   1 |  656.0 |
               +--------+--------+--------+--------+--------+-----+--------+

Top non-repeatable levels by time:
  Lair:5: 2111 daAuts
     D:5: 1651 daAuts
  Lair:1: 1605 daAuts
    D:10: 1509 daAuts
 Snake:3: 1483 daAuts
    D:14: 1467 daAuts
    D:13: 1448 daAuts
     D:9: 1308 daAuts
     D:8: 1295 daAuts
 Snake:2: 1263 daAuts
  Lair:3: 1252 daAuts
    D:15: 1218 daAuts
     D:4: 1075 daAuts
     D:6: 1065 daAuts
     D:2: 1040 daAuts
